 Dungeon Crawl Stone Soup version 0.22-a0-362-g535178c (webtiles) character file.

18 Amnesiac the Magician (level 2, -1/21 HPs)
             Began as a Mummy Wizard on Apr 21, 2018.
             Was an Initiate of Kikubaaqudgha.
             Slain by an iguana (11 damage)
             ... on level 4 of the Dungeon.
             The game lasted 00:01:59 (714 turns).

Amnesiac the Magician (Mummy Wizard)                 Turns: 714, Time: 00:02:00

Health: -1/21      AC:  2    Str: 10    XL:     2   Next: 51%
Magic:  6/7        EV:  9    Int: 17    God:    Kikubaaqudgha [......]
Gold:   8          SH:  0    Dex: 10    Spells: 6/9 levels left

rFire    x . .     SeeInvis .   f - +0 dagger
rCold    + . .     Gourm    .   (no shield)
rNeg     + + +     Faith    .   a - +0 robe
rPois    ∞         Spirit   .   b - +0 hat
rElec    .         Reflect  .   (no cloak)
rCorr    .         Harm     .   (no gloves)
MR       .....                  (no boots)
Stlth    ++........             (no amulet)
HPRegen  0.07/turn              (no ring)
MPRegen  0.10/turn              (no ring)

@: constricted
A: no food or potions, fire vulnerability, cold resistance 1, negative energy
resistance 3, torment resistance, unbreathing
a: Renounce Religion


You were on level 4 of the Dungeon.
You worshipped Kikubaaqudgha.
Kikubaaqudgha was noncommittal.
You were not hungry.

You visited 2 branches of the dungeon, and saw 5 of its levels.

You collected 8 gold pieces.

Inventory:

Hand Weapons
 f - a +0 dagger (weapon)
Missiles
 c - 30 sling bullets
Armour
 a - a +0 robe (worn)
 b - a +0 hat (worn)
Wands
 e - a wand of polymorph (2)
Scrolls
 d - a scroll of teleportation {!r, unknown}


   Skills:
 + Level 1.1 Fighting
 * Level 2.3 Dodging
 - Level 1.5 Stealth
 - Level 4.0 Spellcasting
 - Level 0.7 Conjurations
 - Level 0.7 Summonings
   Level 0.7 Translocations


You had 6 spell levels left.
You knew the following spells:

 Your Spells              Type           Power        Failure   Level  Hunger
a - Magic Dart            Conj           #...         12%         1    N/A
b - Call Imp              Summ           #.......     19%         2    N/A

Dungeon Overview and Level Annotations

Branches:
Dungeon (4/15)             Temple (1/1) D:4

Altars:
Ashenzari
Cheibriados
Elyvilon
Fedhas
Gozag
Hepliaklqana
Kikubaaqudgha
Makhleb
Nemelex Xobeh
Okawaru
Qazlal
Ru
Sif Muna
Trog
Uskayaw
Vehumet
Wu Jian
Xom
Zin
The Shining One


Innate Abilities, Weirdness & Mutations

You do not eat or drink.
Your flesh is vulnerable to fire.
You are immune to poison.
Your flesh is cold resistant. (rC+)
You are immune to negative energy. (rN+++)
You are immune to unholy pain and torment.
You can survive without breathing.


Message History

Found a bloodstained altar of Trog and a glowing silver altar of Zin.
Found a sparkling altar of Nemelex Xobeh.
Found a shattered altar of Ashenzari.
The orc jeers repeatedly, as Orcs often do.
Found a glowing golden altar of the Shining One.
Found an ancient bone altar of Kikubaaqudgha.
Found a stormy altar of Qazlal.
Found a sacrificial altar of Ru.
The orc barely misses you.
There is an ancient bone altar of Kikubaaqudgha here.
You kneel at the altar of Kikubaaqudgha.
Kikubaaqudgha welcomes you! The orc completely misses you.
Wield which item (- for none, * to show all)? (? for menu, Esc to quit)
Okay, then.
Casting: Call Imp (safe; 19% risk of failure)
Confirm with . or Enter, or press ? or * to list all spells.
Aiming: Magic Dart (safe; 12% risk of failure)
Press: ? - help, Shift-Dir - straight line, f - orc
Aim: an orc, wielding a dagger You miscast Magic Dart.
You are very lightly contaminated with residual magic.
Nothing appears to happen.
The orc hits you but does no damage.
Casting: Magic Dart (safe; 12% risk of failure)
Confirm with . or Enter, or press ? or * to list all spells.
Aiming: Magic Dart (safe; 12% risk of failure)
Press: ? - help, Shift-Dir - straight line, f/p - orc
Aim: an orc, wielding a dagger The magic dart hits the orc.
The orc is heavily wounded.
The orc hits you with a dagger.
Casting: Magic Dart (safe; 12% risk of failure)
Confirm with . or Enter, or press ? or * to list all spells.
Aiming: Magic Dart (safe; 12% risk of failure)
Press: ? - help, Shift-Dir - straight line, f/p - orc
Aim: an orc, wielding a dagger (heavily wounded)
The magic dart hits the orc.
You kill the orc!
Kikubaaqudgha accepts your kill.
Casting: Magic Dart (safe; 12% risk of failure)
Confirm with . or Enter, or press ? or * to list all spells.
You can't see any susceptible monsters within range! (Use Z to cast anyway.) Wield which item (- for none, * to show all)? (? for menu, Esc to quit)
Okay, then.
You see here a dagger.
f - a dagger Wield which item (- for none, * to show all)? (? for menu, Esc to quit)
f - a +0 dagger (weapon)
Magic restored.
Your magical contamination has completely faded away.
HP restored.
There is a staircase back to the Dungeon here.
You climb upwards.
Welcome back to the Dungeon!
You hear the hiss of flowing sand.
There is an entrance to an ossuary on this level.
Hurry and find it before the portal is buried!
You hear the slow hiss of an avalanche of sand nearby.
The ball python barely misses you. x2; The bullfrog skeleton hits you.
The adder closely misses you. The scorpion stings you.
The ball python barely misses you. The ball python grabs you.
* * * LOW HITPOINT WARNING * * *
The ball python constricts you. The iguana bites you!
Ouch! That really hurt!
You die...
Kikubaaqudgha rasps: "You have failed me!
Welcome... oblivion!"

#.# #######.......##
#####........#
#.............
###.............
#######..........##.#.
...........<.....# ..
.....8.8.8...<...... .
..$...⌠sl...........
..#.8S@S8..........#
#..⌠Z⌠............
#.8.8)8..........
#.......###....w.
#........# .....
#....$..... ...
.........##)
..........#


You could see a scorpion, an iguana, an adder, a ball python and a bullfrog
skeleton.

Vanquished Creatures
  An orc (Temple)
  A bat (D:1)
  A giant cockroach (D:4)
  3 goblins
  2 hobgoblins (D:1)
  A kobold (D:1)
  A rat (D:1)
10 creatures vanquished.

Vanquished Creatures (collateral kills)
  An adder (D:4)
1 creature vanquished.

Grand Total: 11 creatures vanquished

Notes
Turn   | Place    | Note
-------+----------+-------------------------------------------
     0 | D:1      | Amnesiac the Mummy Wizard began the quest for the Orb.
     0 | D:1      | Reached XP level 1. HP: 13/13 MP: 5/5
   414 | D:1      | Reached XP level 2. HP: 18/20 MP: 1/7
   418 | D:1      | Learned a level 2 spell: Call Imp
   542 | D:4      | Reached skill level 1 in Fighting
   577 | D:4      | Noticed a scorpion
   588 | D:4      | Found a staircase to the Ecumenical Temple.
   598 | Temple   | Entered the Ecumenical Temple
   684 | Temple   | Became a worshipper of Kikubaaqudgha
   714 | D:4      | Slain by an iguana

Vault maps used:
D:1:      moated_graveyard_arrival, serial_glass, glass_columns_b,
          glass_columns_a, glass_columns_a, glass_columns_a, glass_columns_c,
          glass_columns_c, glass_columns_a, glass_columns_a, glass_columns_c,
          glass_columns_b
D:2:      first_ration, minmay_misc_feat_secret_circle
D:3:      dk_xom_monty_hall, uniq_grinder, uniq_jessica, uniq_natasha
D:4:      minmay_temple_entry_statues_fountains, chequers_ossuary_entry_cave,
          moated_statue, uniq_robin
Temple:   regret_index_temple_sigil_plot

Skill      XL: |  1  2 |
---------------+-------+-----
Dodging        | 2 |  2.3
Fighting       | 1 |  1.1
Stealth        | |  1.5
Spellcasting   | |  4.0
Conjurations   | |  0.7
Summonings     | |  0.7
Translocations | |  0.7

Action                   || total
-------------------------++-------
Melee: Unarmed           ||    13
 Cast: Magic Dart        ||    35
       Call Imp          ||     2
Armor: Robe              ||     5
Dodge: Dodged            ||    23

Table legend:
 A = Spawn XP
 B = Non-spawn XP
 C = Spawn XP percentage of total XP
 D = Spawn monster count
 E = Non-spawn monster count
 F = Spawn count percentage of total count
 G = Total turns spent on level
                    A         B        C        D         E        F      G
               +---------+---------+-------+---------+---------+-------+---------
         Total |       0 |      27 |   0.0 |       0 |      11 |   0.0 |   714
               +---------+---------+-------+---------+---------+-------+---------
           D:1 |       0 |      13 |   0.0 |       0 |       7 |   0.0 |   472
           D:2 |       0 |       2 |   0.0 |       0 |       1 |   0.0 |    63
           D:4 |       0 |       9 |   0.0 |       0 |       2 |   0.0 |    59
        Temple |       0 |       3 |   0.0 |       0 |       1 |   0.0 |   116
               +---------+---------+-------+---------+---------+-------+---------
